[Event "FIDE Candidates 2024"]
[Site "Toronto"]
[Date "2024.04.05"]
[Round "3.4"]
[White "Vidit, Santosh Gujrathi"]
[Black "Praggnanandhaa R"]
[Result "0-1"]
[ECO "C70"]
[WhiteElo "2727"]
[BlackElo "2747"]
[Annotator "TA"]
[PlyCount "90"]
[EventDate "2024.04.02"]
[EventType "tourn"]
[EventCountry "CAN"]
[SourceTitle "playchess.com"]
[Source "ChessBase"]
[SourceQuality "1"]
[TimeControl "40/7200:1800+30"]

1. e4 e5 2. Nf3 Nc6 3. Bb5 a6 4. Ba4 f5 5. d4 exd4 6. e5 (6. exf5 Qe7+ 7. Kf1 Qe4 $11) 6... b5 7. Bb3 Na5 8. Nxd4 {[%emt 0:17:25] Strongly threatening 0-0. White is better.} Bb7 9. Nxf5 (9. O-O $5) 9... Nxb3 10. axb3 {[%emt 0:01:15] Threatens to win with 0-0.} d6 $1 {[%emt 0:00:32] Black is weak on the dark squares} 11. Qe2 Qd7 12. e6 Qc6 13. Bg5 {[%emt 0:16:06][%cal Of5g7] Threatening mate with Nxg7+!} g6 (13... Qxg2 14. Nxg7+ Bxg7 15. Qh5+ Kf8 16. Qf7#) 14. Ne3 {[%emt 0:03:11] Repels Qd5} h6 {[%emt 0:08:29][%mdl 1024] Black has compensation.} 15. Bf4 Ne7 16. c4 b4 {[%emt 0:01:27] Inhibits Nc3.} 17. Qg4 Qc5 18. O-O Bg7 19. Nd2 O-O-O {[%emt 0:09:42] [#]} (19... O-O $1 $11) 20. h4 (20. Nd5 $1 $16 Nxd5 (20... Bxd5 $2 21. Be3 $18) 21. cxd5) 20... Rde8 (20... Bxb2 {with more complications.} 21. Ra2 Bc3 22. Nd5 Nxd5 23. e7+ Rd7) 21. Rad1 Bxb2 22. Nd5 Nxd5 23. cxd5 Bxd5 (23... Qxd5 24. Nc4 Qxe6 25. Qxe6+ Rxe6 26. Nxb2 $18) 24. e7+ {[%emt 0:00:49] [#]} (24. Qxg6 $2 Rhg8 $19 (24... Bxe6 $2 25. Qb1 $19) (24... Rxe6 $2 25. Qf5 $19) (24... Bxe6 $2 25. Qb1 $19) (24... Rxe6 $2 25. Qf5 $19)) ({White should try} 24. Rfe1 $1 $15) 24... Kb8 $1 $17 25. Be3 (25. Qxg6 $2 Rhg8 $19 (25... Rxe7 $2 26. Qd3 $19) (25... Rxe7 $2 26. Qd3 $19)) 25... Qb5 26. Nc4 Bc3 {[%emt 0:01:59] A strong pair of Bishops.} 27. Bd4 {[%emt 0:01:12] Prevents Rxe7} (27. Nxd6 $2 cxd6 28. Qg3 Qc6 $19 (28... Bxb3 29. Rxd6 Be5 30. Rb6+ $11)) 27... Rhg8 {[%emt 0:07:33] Dancing on a razor blade.} (27... Rh7 $17 28. Bxc3 bxc3 29. Qxg6 (29. Qd4 $2 c2 $17) 29... Rhxe7 (29... Rexe7 30. Nxd6 Qc6 31. Qf5 $11) 30. Nxd6 Qc6 31. Rxd5 c2) 28. Bxc3 $1 $11 bxc3 29. Qd4 {[%emt 0:04:27][%csl LRc3,LRd5] Repels Rxe7} Bb7 30. Qxc3 Rxe7 31. Na5 Re5 (31... Re4 {simplifies} 32. Rc1 Qb6 33. Nxb7 Qxb7 34. Qg3 Rb4) 32. b4 g5 33. h5 (33. Nxb7 $142 Qxb7 34. Qc4) 33... g4 34. Rfe1 (34. Rc1 $17 {was called for.} Qb6 35. Nxb7 Kxb7 36. Rc2) 34... g3 $40 {[%emt 0:01:30][%mdl 128] ( -> ...gxf2+). Black wants a kill.} (34... Rxh5 35. Nxb7 Qxb7 36. Qc4 $17) 35. Nxb7 $2 (35. Rxe5 {was the only chance.} gxf2+ (35... Qxe5 36. Qxe5 gxf2+ 37. Kxf2 $15) 36. Kxf2 dxe5 (36... Qxe5 37. Qxe5 dxe5 38. g3 $17) (36... Rxg2+ 37. Ke1 $17) 37. Nxb7 Qxb7 38. g3) 35... gxf2+ (35... Kxb7 36. Rxe5 Qxe5 37. Qxe5 dxe5 38. fxg3 $11) (35... Qxb7 36. Qf3 gxf2+ (36... Qxb4 37. Rxe5 gxf2+ 38. Kxf2 $17) (36... Qxf3 $2 37. gxf3 Rxh5 38. fxg3 $19) 37. Kxf2 Qb6+ (37... Qxb4 $2 38. Rb1 $18) 38. Kf1 $19) 36. Kxf2 {[%emt 0:00:01] And now Rxe5 would win.} Qxb7 37. Qf3 Reg5 (37... Qxb4 $2 {perishes.} 38. Rb1 $18) 38. Qxb7+ Kxb7 {[%emt 0:00:01][%mdl 4096] Endgame. KRR-KRR} 39. g4 Rxg4 40. Re6 Rh4 ({Don't do} 40... Rxb4 41. Rxh6 a5 42. Rh7 $19) 41. Rxh6 Rg5 ({Not} 41... Rxb4 42. Rh7 $17) 42. Rh7 Rhxh5 43. Rd7 Kc8 44. Re7 Re5 45. Rg7 (45. Rf7 {was the only defense.}) 45... Rhf5+ {[%emt 0:00:05] Weighted Error Value: White=0.25 (precise) /Black=0.11 (very precise) .  Mistake:       	White=6     	Black=2      Inaccurate:     	White=6     	Black=1      OK:         	White=10    	Black=16     Best:        	White=2     	Black=7      Strong:       	White=1     	Black=2} 0-1

[Event "FIDE Candidates 2024"]
[Site "Toronto"]
[Date "2024.04.09"]
[Round "5.4"]
[White "Vidit, Santosh Gujrathi"]
[Black "Caruana, Fabiano"]
[Result "1/2-1/2"]
[ECO "B30"]
[WhiteElo "2727"]
[BlackElo "2803"]
[Annotator "TA"]
[PlyCount "60"]
[EventDate "2024.04.02"]
[EventType "tourn"]
[EventCountry "CAN"]
[SourceTitle "playchess.com"]
[Source "ChessBase"]
[SourceQuality "1"]
[TimeControl "40/7200:1800+30"]

1. e4 c5 2. Nf3 Nc6 3. Bb5 Nf6 4. Bxc6 dxc6 5. d3 Bg4 6. h3 Bh5 7. Bf4 c4 8. Nc3 {[%emt 0:01:02] White has an edge.} cxd3 9. cxd3 e6 10. g4 Bg6 11. Qb3 Qb6 12. Be3 Qc7 13. O-O-O Nd7 14. Nh4 Bd6 15. Kb1 a5 16. Nxg6 hxg6 17. d4 {[%emt 0:00:05][%cal Bd3d4,Bd4c5][%mdl 32] White is more active.} a4 18. Nxa4 b5 19. Nc5 Nxc5 20. dxc5 Be7 21. h4 Ra4 (21... Qa7 $14 {is superior.}) 22. Bd4 e5 (22... Qf4 $16 {keeps fighting.} 23. f3 (23. Bxg7 Rh7 $17) 23... O-O) 23. Qg3 $1 $18 Qa7 $2 (23... f6 {might work better.}) 24. Qxe5 Rxa2 25. Qxg7 Rf8 {[%emt 0:00:04] [#]} 26. Qe5 $2 (26. Kc2 $1 $18) 26... Qa4 $1 $36 {[%emt 0:03:12][%csl Ga4][%cal Ra2a1][%mdl 2048] Black is more active. The position is equal.} 27. Qb8+ (27. Kc1 $2 f6 28. Qe6 (28. Qb8+ $2 Kf7 $19) 28... Ra1+ 29. Kd2 Qxd4+ 30. Ke2 Rxd1 (30... Qxb2+ 31. Rd2 $15) 31. Rxd1 Qc4+ (31... Qxb2+ $2 32. Kf1 $19) (31... Qxc5 $2 32. b3 $19) 32. Qxc4 bxc4 $19) 27... Bd8 28. Qe5+ Be7 29. Qb8+ ({Wrong is} 29. Kc1 $2 f6 30. Qe6 (30. Qb8+ $2 Kf7 $19) 30... Ra1+ 31. Kd2 Qxd4+ 32. Ke2 Rxd1 (32... Qxb2+ 33. Rd2 $15) 33. Rxd1 Qc4+ (33... Qxb2+ $2 34. Kf1 $19) (33... Qxc5 $2 34. b3 $19) 34. Qxc4 bxc4 $19) 29... Bd8 {[%emt 0:00:05][%csl Ga4][%cal Ra2a1] [#]} 30. Qe5+ Be7 {[%emt 0:02:45] Weighted Error Value: White=0.19 (very precise) /Black=0.19 (very precise) .  Missed win:     	White=1     	---        Mistake:       	---       	Black=3      Inaccurate:     	---       	Black=1      OK:         	White=6     	Black=11     Best:        	White=4     	Black=5      Strong:       	White=1     	Black=1} 1/2-1/2

[Event "FIDE Candidates 2024"]
[Site "Toronto"]
[Date "2024.04.10"]
[Round "6.3"]
[White "Vidit, Santosh Gujrathi"]
[Black "Firouzja, Alireza"]
[Result "1-0"]
[ECO "B57"]
[WhiteElo "2727"]
[BlackElo "2760"]
[Annotator "TA"]
[PlyCount "79"]
[EventDate "2024.04.02"]
[EventType "tourn"]
[EventCountry "CAN"]
[SourceTitle "playchess.com"]
[Source "ChessBase"]
[SourceQuality "1"]
[TimeControl "40/7200:1800+30"]

1. e4 c5 2. Nf3 d6 3. d4 cxd4 4. Nxd4 Nf6 5. Nc3 Nc6 6. Bc4 Qb6 7. Nb3 e6 8. Bf4 Qd8 9. Qd2 a6 10. a3 b5 {[%emt 0:03:40] The position is equal.} 11. Be2 Bb7 ({Black should try} 11... Be7 $11) 12. O-O-O $14 Qb6 13. g4 {[%emt 0:16:16] White is more active.} (13. Bxd6 O-O-O 14. Qf4 Rxd6 15. Rxd6 Bxd6 16. Qxd6 Qxf2 $14) 13... Qxf2 $2 {[%emt 0:07:16][%mdl 8192] [#] Loses the game.} (13... h6 $16) 14. e5 $1 $18 Nd7 15. exd6 {[%emt 0:04:01] Be3 is the strong threat.} Qb6 16. Be3 Qd8 17. Rhf1 Nce5 18. Qd4 Rc8 19. Qa7 Bc6 20. Qxa6 Ra8 21. Ba7 g6 22. Bxb5 Bh6+ 23. Kb1 Bxb5 24. Nxb5 {[%emt 0:00:04] [#] Hoping for Nc7+.} (24. Qxb5 $2 {loses.} Rxa7 25. h4 O-O $19 (25... Qxh4 $2 26. Rh1 $17) (25... Nxg4 26. Qb4 $15)) 24... O-O 25. Nc7 Nxg4 26. Nxa8 Qxa8 27. Qe2 {[%emt 0:00:09] Repels Ne3} Qxa7 28. Qxg4 Bg7 29. Qc4 Qb7 30. Qc7 {[%emt 0:01:21] White is clearly winning.} Qb5 31. Rf4 Qe2 32. Rd2 Qe5 33. Rfd4 Nf6 34. Qc5 Nd5 (34... Ne4 $142 35. Qxe5 Nxd2+ 36. Rxd2 Bxe5) 35. Ka2 Qf6 36. c3 Bh6 37. Rxd5 exd5 38. Rxd5 Bf4 39. d7 Rd8 40. Nd4 {[%emt 0:00:00] Weighted Error Value: White=0.12 (very precise) /Black=0.32.  Loses game:     	---       	Black=1      Mistake:       	---       	Black=2      Inaccurate:     	White=1     	---        OK:         	White=13    	Black=9      Best:        	White=3     	Black=2      Brilliant:      	White=1     	---} 1-0

[Event "FIDE Candidates 2024"]
[Site "Toronto"]
[Date "2024.04.13"]
[Round "8.2"]
[White "Vidit, Santosh Gujrathi"]
[Black "Gukesh D"]
[Result "0-1"]
[ECO "C55"]
[WhiteElo "2727"]
[BlackElo "2743"]
[Annotator "TA"]
[PlyCount "76"]
[EventDate "2024.04.02"]
[EventType "tourn"]
[EventCountry "CAN"]
[SourceTitle "playchess.com"]
[Source "ChessBase"]
[SourceQuality "1"]
[TimeControl "40/7200:1800+30"]

1. e4 e5 2. Nf3 Nc6 3. Bc4 Nf6 4. d3 a6 5. O-O h6 6. a4 Bc5 7. Be3 d6 8. Nbd2 {[%emt 0:02:27] White has an edge.} O-O 9. c3 Re8 10. b4 Bxe3 11. fxe3 Be6 12. b5 Nb8 13. Bxe6 Rxe6 14. Qc2 Nbd7 15. d4 Qe8 16. Rae1 axb5 17. axb5 Ra5 18. c4 Qa8 19. h3 Re8 20. Kh2 b6 (20... Ra2 {is more complex.} 21. Qc3 Qa3 22. Nb1 Qb2) 21. Rf2 Ra2 22. Qd3 Ra3 {[%emt 0:05:38] Black has more active pieces.} 23. Qb1 Qa4 24. Nh4 Ra8 25. Nf5 Kf8 {[%emt 0:03:05] Dodges Ne7} 26. Ref1 Ra1 27. Qd3 Qb4 28. Rxa1 Rxa1 29. c5 $2 {[%emt 0:01:42] [#] Loses the game.} bxc5 $19 (29... dxc5 30. Nf3 c4 31. Qc2 Qxb5 32. Ng3 $19) 30. Nc4 $2 (30. Nf3 g6 31. Ng3) 30... Qe1 ({Weaker is} 30... Qxb5 31. dxe5 dxe5 32. Rb2 $15) 31. Re2 Qg1+ {[%emt 0:02:30] Black mates.} 32. Kg3 Nh5+ 33. Kh4 Ndf6 34. Nxh6 Qh2 35. Nf5 Rf1 36. g4 {[%emt 0:05:12] [#]} Rxf5 $1 37. exf5 Qg3+ 38. Kg5 Nh7+ {[%emt 0:00:05] Weighted Error Value: White=0.63/Black=0.05 (flawless) .  Loses game:     	White=1     	---        Mistake:       	White=1     	---        Inaccurate:     	White=5     	Black=1      OK:         	White=4     	Black=13     Best:        	---       	Black=1} 0-1

[Event "FIDE Candidates 2024"]
[Site "Toronto"]
[Date "2024.04.14"]
[Round "9.1"]
[White "Vidit, Santosh Gujrathi"]
[Black "Nakamura, Hikaru"]
[Result "1-0"]
[ECO "C55"]
[WhiteElo "2727"]
[BlackElo "2789"]
[Annotator "TA"]
[PlyCount "71"]
[EventDate "2024.04.02"]
[EventType "tourn"]
[EventCountry "CAN"]
[SourceTitle "playchess.com"]
[Source "ChessBase"]
[SourceQuality "1"]
[TimeControl "40/7200:1800+30"]

1. e4 e5 2. Nf3 Nc6 3. Bc4 Nf6 4. d3 h6 5. c3 d6 6. O-O g5 7. Nbd2 Bg7 8. Bb3 a5 {[%emt 0:00:29] White is slightly better.} 9. a4 O-O 10. Nc4 Be6 11. Re1 Re8 12. h3 Qd7 13. Bd2 Rad8 14. Qc2 b6 15. Ba2 Nh5 16. Ne3 Bxa2 17. Rxa2 Ne7 18. d4 exd4 19. cxd4 d5 20. e5 Rc8 21. Ra3 c5 22. dxc5 {[%emt 0:01:30] White is more active.} Rxc5 (22... Nf4 $11) 23. Qd1 (23. Qb3 $16) 23... Nf4 $11 24. b4 $36 {[%emt 0:04:33][%mdl 2048] White has good play.} Rcc8 (24... axb4 $11 {keeps the balance.} 25. Bxb4 Rcc8) 25. bxa5 $16 bxa5 26. Bxa5 Nc6 27. Bc3 Nxe5 28. Bxe5 Bxe5 {[%emt 0:00:15] [#]} 29. Nxd5 Nxd5 (29... Qd6 30. Nxe5) 30. Nxe5 Qe6 (30... Qd6 $16) 31. Rd3 Nf4 32. Rd6 Qa2 33. Rxh6 {[%emt 0:03:27] [#] Qg4 would now be deadly.} Qb2 $2 (33... Rb8 $18) 34. Qd7 {[%emt 0:04:45][%csl Ge5][%cal Rd7f7] White mates.} Qb3 35. Qf5 Ng6 36. Rxg6+ {[%emt 0:01:32] Weighted Error Value: White=0.07 (flawless) /Black=0.34.  Mistake:       	White=1     	Black=4      Inaccurate:     	White=2     	Black=1      OK:         	White=10    	Black=10     Best:        	White=2     	---        Brilliant:      	White=1     	---} 1-0

[Event "FIDE Candidates 2024"]
[Site "Toronto"]
[Date "2024.04.17"]
[Round "11.2"]
[White "Vidit, Santosh Gujrathi"]
[Black "Nepomniachtchi, Ian"]
[Result "0-1"]
[ECO "C42"]
[WhiteElo "2727"]
[BlackElo "2758"]
[Annotator "TA"]
[PlyCount "134"]
[EventDate "2024.04.02"]
[EventType "tourn"]
[EventCountry "CAN"]
[SourceTitle "playchess.com"]
[Source "ChessBase"]
[SourceQuality "1"]
[TimeControl "40/7200:1800+30"]

1. e4 e5 2. Nf3 Nf6 3. Nxe5 d6 4. Nc4 Nxe4 5. Qe2 Qe7 6. Nc3 Nxc3 7. bxc3 Bg4 8. Qxe7+ Bxe7 9. Rb1 b6 10. d4 Be6 11. a4 O-O 12. Ne3 Bg5 13. c4 Re8 14. h4 Bf6 15. c3 c5 16. Bd3 Nc6 17. d5 Ne5 18. Bxh7+ Kxh7 19. dxe6 fxe6 20. Ke2 Rad8 21. g4 g6 22. g5 Bg7 23. a5 bxa5 24. Rb7 Rd7 25. Rxd7 Nxd7 26. Rd1 Bf8 27. Ng4 Rb8 28. Bf4 Rb2+ 29. Kf3 e5 30. Be3 Nb6 31. Nf6+ Kh8 32. Ke4 a4 33. Ra1 Rb3 34. Kd3 a3 35. Bc1 a5 (35... Na4 $11 {remains equal.}) 36. Bxa3 $16 (36. Rxa3 $6 Rxa3 37. Bxa3 d5 $11) 36... d5 {[%emt 0:01:51] [#]} 37. Kc2 (37. Bc1 $1 $16 dxc4+ 38. Kc2) 37... dxc4 $11 38. Ne4 Rb5 39. Rd1 Be7 40. Re1 Kg7 41. Nd2 Bd6 42. Ne4 Be7 43. Ng3 Rb3 $1 44. Bc1 (44. Rxe5 Bd6 45. Re6 (45. Bxc5 $2 {loses.} Bxe5 46. Ne4 Nd5 $19) 45... Bxg3 46. Bxc5 (46. fxg3 $2 Na4 $19) 46... Nd5 (46... Na4 $2 47. Bd4+ Kf7 48. Rf6+ Ke8 49. fxg3 $18) 47. fxg3 Rxc3+ 48. Kd1 Rxg3) 44... Nd5 45. Ne4 Kf7 46. Bd2 a4 47. Ra1 Nb6 48. Be3 Rb5 49. Nd2 Ra5 50. Kb2 Ke6 51. Ka3 Rb5 ({Black should try} 51... Ra8 $15) 52. Rc1 $11 Kf5 53. f3 ({White should play} 53. Rg1 $11) 53... Nd5 (53... Bf8 $1 $15) 54. Kxa4 $11 Rb8 55. Nxc4 e4 56. fxe4+ Kxe4 57. Bf2 Kd3 58. Bg3 Nxc3+ 59. Ka3 (59. Rxc3+ $11 {keeps the balance.} Kxc3 60. Bxb8 Kxc4 61. Be5) 59... Rb4 $17 60. Nb2+ $2 (60. Ne5+ $17 Kd2 61. Rg1) 60... Kd2 $19 61. Rf1 {[%emt 0:00:17] [#]} (61. Rg1 $142 c4 62. Rg2+ Ne2 63. Be5) 61... c4 $1 $19 62. Rf2+ Ne2 (62... Ke3 63. Nxc4+ Rxc4+ 64. Kb3 $19) 63. Be5 c3 64. Rf7 Rb7+ ({Weaker is} 64... Rxb2+ 65. Rxe7 Rb6 66. Rd7+ Kc1 67. Bxc3 $11) 65. Ka4 c2 66. Nc4+ Kd3 67. Nb2+ Ke4 0-1

[Event "FIDE Candidates 2024"]
[Site "Toronto"]
[Date "2024.04.20"]
[Round "13.3"]
[White "Vidit, Santosh Gujrathi"]
[Black "Abasov, Nijat"]
[Result "1/2-1/2"]
[ECO "C42"]
[WhiteElo "2727"]
[BlackElo "2632"]
[Annotator "TA"]
[PlyCount "62"]
[EventDate "2024.04.02"]
[EventType "tourn"]
[EventCountry "CAN"]
[SourceTitle "playchess.com"]
[Source "ChessBase"]
[SourceQuality "1"]
[TimeControl "40/7200:1800+30"]

1. e4 e5 2. Nf3 Nf6 3. Nxe5 d6 4. Nf3 Nxe4 5. d4 d5 6. Bd3 Nc6 7. O-O Be7 8. Nbd2 Nxd2 9. Bxd2 Bg4 10. c3 O-O 11. h3 Bh5 12. g3 Qd7 {[%emt 0:00:07] White is slightly better.} 13. Kg2 Bg6 14. Bxg6 fxg6 15. Bf4 h6 {[%emt 0:00:13] The position is equal.} 16. Qd3 g5 17. Be5 Rf7 18. Rae1 Raf8 19. Re3 a6 20. Qe2 Rf5 21. b4 (21. g4 $5 R5f7 $8 22. Bg3 $11) 21... R5f7 22. a4 Na7 23. g4 {[%emt 0:04:47] Active counter play!} Nc8 24. a5 Bd6 25. Re1 Qd8 26. Rf1 Ne7 27. Qd3 Qd7 28. Kg1 Nc6 29. Kg2 Ne7 30. Kg1 Nc6 31. Kg2 Ne7 {[%emt 0:01:09] Weighted Error Value: White=0.04 (flawless) /Black=0.02 (flawless) .  Inaccurate:     	White=1     	---        OK:         	White=11    	Black=11} 1/2-1/2